 Dungeon Crawl Stone Soup version 0.25-a0-346-g140ab784a8 (webtiles) character file.

Game seed: 10572872312006091949, levelgen mode: deterministic

51 PentaManta the Chopper (level 3, -1/23 HPs)
             Began as a Gargoyle Fighter on Jan 1, 2020.
             Killed from afar by an orc wizard (6 damage)
             ... with a magic dart
             ... on level 1 of the Dungeon.
             The game lasted 00:02:19 (1241 turns).

PentaManta the Chopper (Gargoyle Fighter)           Turns: 1241, Time: 00:02:20

Health: -1/23      AC: 12    Str: 20    XL:     3   Next: 81%
Magic:  3/3        EV:  7    Int:  8    God:
Gold:   58         SH:  9    Dex:  9    Spells: 2/2 levels left

rFire    . . .     SeeInvis .   a - +0 war axe
rCold    . . .     Gourm    .   c - +0 shield
rNeg     + . .     Faith    .   b - +0 scale mail
rPois    ∞         Spirit   .   l - +2 hat
rElec    +         Reflect  .   (no cloak)
rCorr    .         Harm     .   (no gloves)
MR       .....                  (no boots)
Stlth    ..........             (no amulet)
HPRegen  0.07/turn              (no ring)
MPRegen  0.08/turn              (no ring)

@: no status effects
A: negative energy resistance 1, electricity resistance, unbreathing,
petrification resistance, rot immunity, AC +3
a: no special abilities


You were on level 1 of the Dungeon.
You were very hungry.

You visited 1 branch of the dungeon, and saw 2 of its levels.

You collected 58 gold pieces.

Inventory:

Hand Weapons
 a - a +0 war axe (weapon)
 g - a +0 dagger
Armour
 b - a +0 scale mail (worn)
 c - a +0 shield (worn)
 l - a +2 hat (worn)
 n - a +1 robe of fire resistance
 o - a cursed +0 plate armour
Scrolls
 h - a scroll of immolation {unknown}
 k - a scroll of teleportation {unknown}
Potions
 d - a potion of might
 e - a potion of heal wounds {unknown}
 i - a potion of brilliance {unknown}
 j - a potion of haste {unknown}
 m - a potion of agility {unknown}
Comestibles
 f - 2 rations


   Skills:
 - Level 3.2 Fighting
 + Level 3.6 Axes
 - Level 3.2 Armour
 - Level 3.2 Shields


You had 2 spell levels left.
You didn't know any spells.
Your spell library was empty.

Dungeon Overview and Level Annotations

Branches:
Dungeon (2/15)

Altars:


Innate Abilities, Weirdness & Mutations

You are resistant to torment.
Your stone body is resilient. (AC +3)
You are immune to poison.
You resist negative energy. (rN+)
You are resistant to electric shocks. (rElec)
You can survive without breathing.
You are immune to petrification.
You are immune to rotting.


Message History

You see here a +0 club.
The orc wizard is no longer moving quickly.
You see here a stone.
You see here a stone.
Okay, then.
You see here a stone.
The orc wizard gestures wildly while chanting.
The orc wizard blinks!
The orc wizard points at you and mumbles some strange words.
The magic dart hits you but does no damage.
The orc wizard hits you but does no damage.
The rat twitches its whiskers.
The orc wizard mumbles some strange words.
The orc wizard blinks!
There is an open door here.
The orc wizard gestures at you while chanting.
You resist with significant effort.
The orc wizard gestures at you while chanting.
The magic dart hits you.
You die...

#.# #.((.##.........# #.#
#.....#.###.##..# #.# #....##.#
#.##..# #.# #.......# #.....#
####.# ###r##### ####.## #....#
#r# ######.## #.#### ##'##
#.......# #.# ##...## #.####..#
#.### ##.@...###.# #...#
###.#.### ##....o..##.###...#
#.......###.........#.##....###
#.#.......'.........'..........
#.......###.....>...#.##....###
#.......# ##.......##.......#
#.......# ##.....#######.###
#.......# ##...## #.# #.......#
##'## #.#


You could see an orc wizard and 2 rats.

Vanquished Creatures
  An adder (D:1)
  An ooze (D:1)
  2 dart slugs (D:1)
  4 bats (D:1)
  2 giant cockroaches (D:1)
  2 goblins (D:1)
  3 hobgoblins (D:1)
  6 jackals
  A ball python (D:1)
  2 frilled lizards (D:1)
  5 kobolds (D:1)
  2 rats (D:1)
31 creatures vanquished.

Notes
Turn   | Place    | Note
-------+----------+-------------------------------------------
     0 | D:1      | PentaManta the Gargoyle Fighter began the quest for the
                  | Orb.
     0 | D:1      | Reached XP level 1. HP: 14/14 MP: 1/1
    48 | D:1      | You fall into a shaft and drop 1 floor!
    75 | D:1      | Reached XP level 2. HP: 19/19 MP: 2/2
   384 | D:1      | Reached XP level 3. HP: 14/23 MP: 3/3
  1241 | D:1      | Killed from afar by an orc wizard

Levels and vault maps discovered:
D:1:      giann_wishing_wells, layout_loops_corners, minmay_unequal
D:2:      minmay_evil_eye, layout_rooms

Skill      XL: |  1  2 |
---------------+-------+-----
Axes           | 2 3 |  3.6
Fighting       | |  3.2
Armour         | |  3.2
Shields        | |  3.2

Action                   || total
-------------------------++-------
Melee: War axe           ||    23
       Dagger            ||   192
Armor: Scale mail        ||   132
Dodge: Dodged            ||    66
Block: Shield            ||   148

Table legend:
 A = Non-vault XP
 B = Vault XP
 C = Vault XP percentage of total XP
 D = Non-vault monster count
 E = Vault monster count
 F = Vault count percentage of total count
                 A         B        C        D         E       F
            +---------+---------+-------+---------+---------+-------
      Total |      66 |       7 |   9.6 |      27 |       4 |  12.9
            +---------+---------+-------+---------+---------+-------
        D:1 |      60 |       7 |  10.4 |      24 |       4 |  14.3
        D:2 |       6 |       0 |   0.0 |       3 |       0 |   0.0
            +---------+---------+-------+---------+---------+-------
